 Dungeon Crawl Stone Soup version 0.18-a0-1784-ga939a68 (webtiles) character file.

159 Zhenya25pyc the Skirmisher (level 5, 0/33 HPs)
             Began as a Gargoyle Fighter on Apr 18, 2016.
             Killed by nerve-wracking pain
             ... invoked by an orc priest
              (7 damage)
             ... on level 4 of the Dungeon.
             The game lasted 00:05:53 (2545 turns).

Zhenya25pyc the Skirmisher (Gargoyle Fighter)       Turns: 2545, Time: 00:05:53

Health: 0/33       AC: 12    Str: 21    XL:     5   Next: 40%
Magic:  5/5        EV:  7    Int:  8    God:
Gold:   51         SH:  9    Dex: 11    Spells: 0 memorised, 4 levels left

rFire  . . .     SeeInvis +     a - +0 flail
rCold  . . .     Gourm    .     b - +0 scale mail
rNeg   + . .     Faith    .     c - +0 shield
rPois  ∞         Spirit   .     (no helmet)
rElec  +         Dismiss  .     h - +0 cloak
rCorr  .         Reflect  .     (no gloves)
SustAt .         Harm     .     (no boots)
MR     .....                    (no amulet)
Stlth  ..........               r - +2 ring of dexterity
                                p - ring of see invisible

@: not resistant to hostile enchantments, extremely unstealthy
A: negative energy resistance 1, electricity resistance, unbreathing,
petrification resistance, rot immunity, AC +4
a: no special abilities


You were on level 4 of the Dungeon.
You were hungry.

You visited 1 branch of the dungeon, and saw 4 of its levels.

You collected 148 gold pieces.
You spent 97 gold pieces at shops.

Inventory:

Hand Weapons
 a - a +0 flail (weapon)
Armour
 b - a +0 scale mail (worn)
 c - a +0 shield (worn)
 h - a +0 cloak (worn)
Jewellery
 p - a ring of see invisible (left hand)
 r - a +2 ring of dexterity (right hand)
 t - an uncursed ring of protection from magic {unknown}
Scrolls
 e - 2 scrolls of fear {unknown}
 g - a scroll of random uselessness {unknown}
 j - 2 scrolls of fog {unknown}
 k - a scroll of remove curse {unknown}
 l - 2 scrolls of identify {unknown}
 m - a scroll of teleportation {unknown}
 q - a scroll of blinking {unknown}
 u - a scroll of enchant weapon
Potions
 d - a potion of might
 n - a potion of curing {unknown}
 o - a potion of degeneration {unknown}
 s - a potion of brilliance {unknown}
Comestibles
 f - 5 bread rations
 i - 2 meat rations


   Skills:
 + Level 4.2 Fighting
 * Level 4.2 Maces & Flails
 + Level 4.1 Armour
 - Level 3.2 Shields


You had 4 spell levels left.
You didn't know any spells.

Dungeon Overview and Level Annotations

Branches:
Dungeon (4/15)
 Temple: D:4-7

Altars:
Ru

Shops:
D:4 *(?


Innate Abilities, Weirdness & Mutations

You are resistant to torment.
Your stone body is resilient (AC +4).
You are immune to poison.
You resist negative energy.
You are resistant to electric shocks.
You can survive without breathing.
You are immune to petrification.
You are immune to rotting.


Message History

You block the worker ant's attack. x2
You completely miss the worker ant.
The worker ant is almost dead.
The worker ant bites you but does no damage.
You thump the worker ant!
You kill the worker ant!
You hit the orc.
The orc is heavily wounded.
The orc closely misses you. The orc priest barely misses you.
Your shield and scale mail prevent you from hitting the orc.
The orc is heavily wounded.
The orc barely misses you. The orc priest barely misses you.
You sock the orc!
You kill the orc!
The orc priest hits you but does no damage.
You sock the orc!
You kill the orc!
The orc priest calls down the wrath of Beogh upon you.
Pain shoots through your body!
You die...

.#.#.#.#.#.###......##.#.
.#.#.#.#.#.#........∩'.>#
#.#.#.#.#!#.#.#......####
#.#...#.#.#.##......#
#.#∩#.#.#.###......# .
#.#.#.#.#.##....>.# #.
#.#.#.#.###......# #.
#.#o#.#.##.....(#
#.#+#+#.#@#.###.######
#.....#[#.#.#
+...∩..#.#.##
#....$.#####
#............
#.....####### #.....#
#.....# #.....#


You could see an orc priest.

Vanquished Creatures
  A worker ant (D:4)
  5 adders
  2 oozes (D:3)
  2 worms
  4 dart slugs
  A giant gecko (D:3)
  3 orcs
  4 giant cockroaches
  5 goblins
  6 hobgoblins
  6 jackals (D:3)
  8 kobolds
  A ball python (D:3)
  7 bats
  2 giant newts (D:1)
  11 rats
68 creatures vanquished.

Notes
Turn   | Place    | Note
--------------------------------------------------------------
     0 | D:1      | Zhenya25pyc the Gargoyle Fighter began the quest for the Orb.
     0 | D:1      | Reached XP level 1. HP: 14/14 MP: 1/1
   223 | D:1      | Reached XP level 2. HP: 19/19 MP: 2/2
   935 | D:2      | Reached XP level 3. HP: 21/23 MP: 3/3
  1073 | D:2      | Found a sacrificial altar of Ru.
  1261 | D:2      | Reached XP level 4. HP: 24/29 MP: 4/4
  2216 | D:3      | Reached XP level 5. HP: 33/33 MP: 5/5
  2504 | D:4      | Found Syuluum's Magic Scroll Emporium.
  2507 | D:4      | Bought a scroll of enchant weapon for 97 gold pieces
  2515 | D:4      | Found Ewourilu's Weapon Shoppe.
  2522 | D:4      | Found Jexzoegg's Assorted Antiques.
  2545 | D:4      | Killed from afar by an orc priest

Vault maps used:
D:1:      dpeg_arrival_simpleton_a
D:2:      nicolae_ru_sacrificial_ziggurat
D:3:      st_stairs_6, minmay_distorted
D:4:      serial_shops, shop, shop, shop

Skill      XL: |  1  2  3  4  5 |
---------------+----------------+-----
Maces & Flails | 3 4 |  4.2
Fighting       | 4 |  4.2
Armour         | 4 |  4.1
Shields        | |  3.2

Action                   |  1- 3 |  4- 6 || total
-------------------------+-------+-------++-------
Melee: Flail             |   122 |   152 ||   274
  Eat: Chunk             |     1 |     4 ||     5
Armor: Scale mail        |    63 |    87 ||   150
Dodge: Dodged            |    39 |    54 ||    93
Block: Shield            |    58 |    87 ||   145
